 Dungeon Crawl Stone Soup version 0.26-a0-663-g36e8fdb655 (webtiles) character file.

Game seed: 8161871414323567453

73243 Gargoyl the Fighter (level 15, -9/120 HPs)
             Began as a Gnoll Abyssal Knight on Oct 11, 2020.
             Was a High Priest of Lugonu.
             Killed from afar by an oklob plant (16 damage)
             ... with a splash of acid
             ... on level 1 of the Abyss on Oct 12, 2020.
             The game lasted 00:48:16 (26449 turns).

Gargoyl the Fighter (Gnoll Abyssal Knight)         Turns: 26449, Time: 00:48:17

Health: -9/120     AC: 36    Str: 25    XL:     15   Next: 42%
Magic:  19/29      EV: 11    Int: 16    God:    Lugonu [*****.]
Gold:   1672       SH:  7    Dex: 18    Spells: 34/34 levels left

rFire    + + +     SeeInvis .   k - +9 hand axe (drain)
rCold    + . .     Faith    .   i - +0 buckler
rNeg     . . .     Spirit   .   h - +6 crystal plate armour of the Ward {rElec rF+}
rPois    .         Reflect  .   j - +2 helmet
rElec    +         Harm     .   d - scarf {rC+ rF+}
rCorr    .         Rampage  .   b - +2 pair of gloves {Dex+3}
MR       +....     Rnd*Rage +   l - +1 pair of boots
Stlth    ..........             F - amulet of regeneration
HPRegen  0.70/turn              x - +6 ring of strength
MPRegen  0.21/turn              M - ring of protection from fire

@: lethally poisoned (-9 -> -105)
A: distributed training, claws 1, fangs 1, berserk 1, strong nose
a: Depart the Abyss, Bend Space, Banish, Corrupt, Enter the Abyss, Renounce
Religion


You were on level 1 of the Abyss.
You worshipped Lugonu.
Lugonu was extremely pleased with you.
You visited 2 branches of the dungeon, and saw 18 of its levels.
You visited the Abyss 2 times.
You also visited: Gauntlet.

You collected 1672 gold pieces.

Inventory:

Hand Weapons
 k - a +9 hand axe of draining (weapon)
 o - a +2 scimitar of flaming
 y - a +5 hand axe of freezing
 I - a +0 demon whip
Missiles
 e - 16 silver javelins
 p - 54 poisoned darts (quivered)
 s - 5 javelins
Armour
 b - a +2 pair of gloves of dexterity (worn)
 d - a scarf of resistance (worn)
 h - the +6 crystal plate armour of the Ward (worn) {rElec rF+}
   (You acquired it in a Gauntlet)

   It protects you from fire.
   It insulates you from electricity.
 i - a +0 buckler (worn)
 j - a +2 helmet (worn)
 l - a +1 pair of boots (worn)
 w - the cursed +0 cloak "Esuone Jifru" {MR+ Int+3 Dex+4}
   (You found it in a Gauntlet)

   It affects your intelligence (+3).
   It affects your dexterity (+4).
   It affects your resistance to hostile enchantments.
   It has a curse placed upon it.
 H - the cursed -1 hat of the Serpent {Str+3 Int+4}
   (You found it in a Gauntlet)

   It affects your strength (+3).
   It affects your intelligence (+4).
   It has a curse placed upon it.
 K - a +2 pair of gloves
Jewellery
 a - an uncursed ring of positive energy
 x - a +6 ring of strength (left hand)
 E - the ring "Huhox" {+Fly rPois rC+ rCorr}
   (You acquired it on level 6 of the Lair of Beasts)

   [ring of resist corrosion]

   It protects you from cold.
   It protects you from poison.
   It lets you fly.
   It provides partial protection from all sources of acid and corrosion.
 F - an amulet of regeneration (around neck)
 M - a ring of protection from fire (right hand)
Wands
 t - a wand of iceblast (29)
 v - a wand of paralysis (17)
 D - a wand of digging (6)
 J - a wand of random effects (55)
 L - a wand of acid (8)
 Q - a wand of flame (21)
Scrolls
 c - 8 scrolls of identify
 g - 16 scrolls of remove curse
 n - 3 scrolls of magic mapping
 u - a scroll of holy word
 A - 5 scrolls of teleportation
 B - 2 scrolls of fear
 C - 2 scrolls of fog
 G - a scroll of enchant weapon
 N - 2 scrolls of enchant armour
Potions
 f - 3 potions of flight
 m - 2 potions of stabbing
 q - 2 potions of resistance
 r - a potion of invisibility
 z - a potion of curing
 O - 4 potions of heal wounds
 P - a potion of might


   Skills:
 + Level 11.8 Fighting
 + Level 10.0 Short Blades
 + Level 10.0 Long Blades
 + Level 11.0 Axes
 + Level 10.0 Maces & Flails
 + Level 10.0 Polearms
 + Level 10.0 Staves
 + Level 10.0 Slings
 + Level 10.0 Bows
 + Level 10.0 Crossbows
 + Level 10.0 Throwing
 + Level 11.0 Armour
 + Level 10.3 Dodging
 + Level 10.0 Stealth
 + Level 10.0 Shields
 + Level 10.0 Unarmed Combat
 + Level 10.0 Spellcasting
 + Level 8.4 Conjurations
 + Level 8.4 Hexes
 + Level 8.4 Summonings
 + Level 8.4 Necromancy
 + Level 8.4 Translocations
 + Level 8.4 Transmutations
 + Level 8.4 Fire Magic
 + Level 8.4 Ice Magic
 + Level 8.4 Air Magic
 + Level 8.4 Earth Magic
 + Level 8.4 Poison Magic
 + Level 11.7 Invocations
 + Level 10.0 Evocations


You had 34 spell levels left.
You didn't know any spells.
Your spell library contained the following spells:

 Spells                   Type           Power        Failure   Level
 Corona                   Hex            #####..      11%         1
 Foxfire                  Conj/Fire      ####         11%         1
 Magic Dart               Conj           ####         11%         1
 Blink                    Tloc           N/A          17%         2
 Call Imp                 Summ           #####...     17%         2
 Ensorcelled Hibernation  Hex/Ice        #####.       17%         2
 Slow                     Hex            #####...     17%         2
 Confusing Touch          Hex            #####...     32%         3
 Conjure Flame            Conj/Fire      #####...     32%         3
 Dazzling Flash           Conj/Hex       #####.       32%         3
 Inner Flame              Hex/Fire       #####...     32%         3
 Mephitic Cloud           Conj/Pois/Air  #####...     32%         3
 Tukima's Dance           Hex            #####...     32%         3
 Animate Dead             Necr           #####.....   73%         4
 Ice Form                 Ice/Tmut       #####...     73%         4
 Sticky Flame             Conj/Fire      #####...     73%         4
 Borgnjor's Vile Clutch   Necr/Erth      #####.....   97%         5
 Fireball                 Conj/Fire      #####.....   97%         5
 Metabolic Englaciation   Hex/Ice        #####.....   97%         5
 Death Channel            Necr           #####.....   100%        6
 Freezing Cloud           Conj/Ice/Air   #####.....   100%        6
 Ozocubu's Refrigeration  Ice            #####.....   100%        6
 Simulacrum               Ice/Necr       #####.....   100%        6


Dungeon Overview and Level Annotations

Branches:
Dungeon (12/15)            Temple (0/1) D:7            Lair (6/6) D:10
 Shoals (0/4) Lair:2        Snake (0/4) Lair:4        Slime (0/5) Lair:5
    Orc (0/2) D:10        Gauntlet (visited)

Altars:
Cheibriados
Gozag
Xom
Jiyva

Annotations:
D:7 3 runed translucent doors, thethe's ghost, novice DgCj
D:10 1 runed translucent door, exclusion: 2 orange crystal statues
Abyss:1 Maurice


Innate Abilities, Weirdness & Mutations

Your experience applies equally to all skills.
You have very sharp teeth.
Your uncanny sense of smell can sniff out nearby items.
You have sharp fingernails.
You tend to lose your temper in combat.


Message History

* * * LOW HITPOINT WARNING * * *
You feel much better.
* * * LOW HITPOINT WARNING * * *
You feel extremely sick. The centaur closely misses you.
The gargoyle hits you but does no damage.
The green ugly thing engulfs you but does no damage.
The centaur hits you but does no damage.
The centaur closely misses you.
Okay, then.
To return, you must find a gate leading back.
Killing monsters will force the Abyss to allow you passage.
This branch contains the abyssal rune of Zot.
Level annotation: Maurice Lugonu is no longer ready to corrupt your weapon.
* * * LOW HITPOINT WARNING * * *
You feel very sick. The oklob plant spits acid at you.
The splash of acid hits you!
You die...

. .8 #. . .8 #
.
#[.#.#####.#...
..≈≈.......'...
.......@...#
............#
......P........
...............
...............
.(#....#.......
. ..... .......
...... .#.?...


You could see an oklob plant.

Vanquished Creatures
  The ghost of Bacru the Grappler, a journeyman TrBe of Trog (Lair:6)
  A minotaur (Gauntlet)
  A fire dragon (Lair:6)
  Josephine (D:11)
  4 hydras
  A boulder beetle (D:11)
  Fannar (D:11)
  4 two-headed ogres
  3 death yaks
  Nergalle (D:11)
  2 orange crystal statues (D:10)
  An unseen horror (D:11)
  2 lindwurms (Lair:6)
  A swamp dragon (shapeshifter) (D:12)
  2 wolf spiders (Lair:6)
  9 elephants
  A guardian serpent (Lair:6)
  20 cane toads
  9 black mambas
  Psyche (D:11)
  7 torpor snails
  11 komodo dragons
  Maggie (D:8)
  3 rime drakes
  An efreet (Gauntlet)
  A queen bee (D:10)
  2 trolls
  3 tyrant leeches (Lair:6)
  5 polar bears
  Prince Ribbit (D:7)
  9 hornets
  12 blink frogs (Lair:6)
  2 large abominations (Gauntlet)
  16 dream sheep
  A snapping turtle (Lair:2)
  5 wraiths (D:11)
  11 wyverns
  3 redbacks (Lair:6)
  36 yaks
  2 fire elementals (Gauntlet)
  Grum (Lair:1)
  2 fire bats (Gauntlet)
  4 basilisks
  Edmund (D:4)
  3 nagas (Lair:4)
  2 swamp worms (Gauntlet)
  3 hell hounds (Gauntlet)
  29 water moccasins
  Duvessa (D:5)
  3 sky beasts
  2 black bears
  2 ice beasts
  6 orc warriors
  7 ogres
  9 centaurs
  30 wolves
  A big kobold (D:9)
  18 bullfrogs
  5 small abominations (Gauntlet)
  Blork the orc (D:5)
  Dowan (D:5)
  A wyvern skeleton (D:12)
  3 scorpions
  17 killer bees
  7 wights
  5 electric eels
  4 howler monkeys
  A centaur zombie (D:9)
  8 hounds
  Crazy Yiuf (D:3)
  4 jellies
  13 orc wizards
  12 orc priests
  2 bullfrog skeletons
  4 centaur skeletons
  Ijyb (D:5)
  16 hell rats
  3 iguanas
  3 worker ants
  Natasha (thrice) (D:4)
  3 hound skeletons
  9 adders
  8 gnolls
  A river rat (D:9)
  A shadow imp (D:8)
  4 white imps
  3 ufetubi
  An adder zombie (D:6)
  An adder skeleton (D:8)
  4 worms
  A dart slug (D:3)
  5 leopard geckos
  55 orcs
  3 ball pythons
  5 giant cockroaches
  17 goblins
  15 hobgoblins
  10 jackals
  8 quokkas
  A bat (D:2)
  8 frilled lizards
  A giant cockroach zombie (D:6)
  13 kobolds
  2 quokka skeletons
  A quokka zombie (D:6)
  11 rats
628 creatures vanquished.

Vanquished Creatures (others)
  A balrug (Gauntlet)
  A fire crab (Gauntlet)
  4 fire bats (Gauntlet)
  2 hell hounds (Gauntlet)
  42 fungi
  92 plants
142 creatures vanquished.

Grand Total: 770 creatures vanquished

Notes
Turn   | Place    | Note
-------+----------+-------------------------------------------
     0 | Abyss:1  | Gargoyl the Gnoll Abyssal Knight began the quest for the
                  | Orb.
     0 | Abyss:1  | Reached XP level 1. HP: 23/23 MP: 3/3
   101 | Abyss:2  | Found a sacrificial altar of Ru.
   117 | Abyss:2  | Noticed a shadow
   131 | D:1      | Escaped the Abyss
   429 | D:1      | Reached * piety under Lugonu
   473 | D:1      | Reached XP level 2. HP: 27/29 MP: 5/5
   748 | D:1      | Reached XP level 3. HP: 32/35 MP: 6/6
  1045 | D:2      | Reached ** piety under Lugonu
  1248 | D:2      | Reached skill level 1 in Short Blades
  1248 | D:2      | Reached skill level 1 in Long Blades
  1248 | D:2      | Reached skill level 1 in Maces & Flails
  1248 | D:2      | Reached skill level 1 in Polearms
  1248 | D:2      | Reached skill level 1 in Staves
  1248 | D:2      | Reached skill level 1 in Slings
  1248 | D:2      | Reached skill level 1 in Bows
  1248 | D:2      | Reached skill level 1 in Crossbows
  1248 | D:2      | Reached skill level 1 in Throwing
  1248 | D:2      | Reached skill level 1 in Stealth
  1248 | D:2      | Reached skill level 1 in Shields
  1248 | D:2      | Reached skill level 1 in Unarmed Combat
  1248 | D:2      | Reached skill level 1 in Spellcasting
  1248 | D:2      | Reached skill level 1 in Evocations
  1465 | D:2      | Reached XP level 4. HP: 41/41 MP: 7/7
  1864 | D:3      | Reached skill level 1 in Conjurations
  1864 | D:3      | Reached skill level 1 in Hexes
  1864 | D:3      | Reached skill level 1 in Summonings
  1864 | D:3      | Reached skill level 1 in Necromancy
  1864 | D:3      | Reached skill level 1 in Translocations
  1864 | D:3      | Reached skill level 1 in Transmutations
  1864 | D:3      | Reached skill level 1 in Fire Magic
  1864 | D:3      | Reached skill level 1 in Ice Magic
  1864 | D:3      | Reached skill level 1 in Air Magic
  1864 | D:3      | Reached skill level 1 in Earth Magic
  1864 | D:3      | Reached skill level 1 in Poison Magic
  2188 | D:3      | Found a runed translucent door.
  2189 | D:3      | Noticed Crazy Yiuf
  2414 | D:3      | Killed Crazy Yiuf
  2414 | D:3      | Reached XP level 5. HP: 5/47 MP: 8/8
  2587 | D:4      | Noticed an ogre
  2600 | D:4      | Killed an ogre
  2613 | D:4      | Reached skill level 5 in Invocations
  2613 | D:4      | Reached XP level 6. HP: 39/53 MP: 9/9
  2622 | D:4      | Reached skill level 5 in Axes
  2622 | D:4      | Reached skill level 5 in Armour
  2907 | D:4      | Reached *** piety under Lugonu
  2993 | D:4      | Reached XP level 7. HP: 48/59 MP: 10/10
  3346 | D:4      | Found a shimmering altar of Xom.
  3396 | D:4      | Noticed Natasha
  3402 | D:4      | Killed Natasha
  3857 | D:4      | Noticed Natasha
  3866 | D:4      | Killed Natasha
  4066 | D:4      | Noticed Edmund
  4087 | D:4      | Killed Edmund
  4384 | D:4      | Noticed Natasha
  4391 | D:4      | Killed Natasha
  4439 | D:5      | Entered Level 5 of the Dungeon
  4486 | D:5      | Noticed Duvessa
  4502 | D:5      | Killed Duvessa
  4502 | D:5      | Reached XP level 8. HP: 61/67 MP: 12/12
  4502 | D:5      | Noticed Dowan
  4513 | D:5      | Killed Dowan
  5092 | D:5      | Found an opulent altar of Gozag.
  5260 | D:5      | Noticed Blork the orc
  5269 | D:5      | Killed Blork the orc
  5330 | D:5      | Noticed Ijyb
  5362 | D:5      | Killed Ijyb
  6358 | D:6      | Found a snail-covered altar of Cheibriados.
  6668 | D:6      | Reached XP level 9. HP: 68/73 MP: 14/14
  6705 | D:6      | Reached **** piety under Lugonu
  7084 | D:7      | Noticed Prince Ribbit
  7099 | D:7      | Killed Prince Ribbit
  7231 | D:7      | Found a runed translucent gate.
  7231 | D:7      | Found a runed translucent gate.
  7231 | D:7      | Found a runed translucent gate.
  7231 | D:7      | Noticed thethe's ghost (novice DgCj)
  7332 | D:7      | Found a staircase to the Ecumenical Temple.
  7350 | D:7      | Reached skill level 5 in Dodging
  7892 | D:8      | Noticed a two-headed ogre
  7900 | D:8      | Killed a two-headed ogre
  7900 | D:8      | Reached ***** piety under Lugonu
  7900 | D:8      | Reached XP level 10. HP: 30/80 MP: 15/17
  8117 | D:8      | You fall into a shaft and drop 2 floors!
  8117 | D:10     | Entered Level 10 of the Dungeon
  8196 | D:10     | Reached skill level 5 in Short Blades
  8196 | D:10     | Reached skill level 5 in Long Blades
  8196 | D:10     | Reached skill level 5 in Maces & Flails
  8196 | D:10     | Reached skill level 5 in Polearms
  8196 | D:10     | Reached skill level 5 in Staves
  8196 | D:10     | Reached skill level 5 in Slings
  8196 | D:10     | Reached skill level 5 in Bows
  8196 | D:10     | Reached skill level 5 in Crossbows
  8196 | D:10     | Reached skill level 5 in Throwing
  8196 | D:10     | Reached skill level 5 in Stealth
  8196 | D:10     | Reached skill level 5 in Shields
  8196 | D:10     | Reached skill level 5 in Unarmed Combat
  8196 | D:10     | Reached skill level 5 in Spellcasting
  8196 | D:10     | Reached skill level 5 in Evocations
  8959 | D:9      | Paralysed by a hornet for 2 turns
  9293 | D:8      | Noticed Maggie
  9309 | D:8      | Killed Maggie
  9314 | D:8      | Noticed a two-headed ogre
  9516 | D:8      | Paralysed by a hornet for 1 turns
 10231 | D:8      | Killed a two-headed ogre
 10927 | D:9      | Reached XP level 11. HP: 84/87 MP: 19/19
 11295 | D:10     | Noticed a death yak
 11295 | D:10     | Noticed a death yak
 11359 | D:10     | Noticed a death yak
 11377 | D:9      | Banished a death yak
 11377 | D:9      | Reached skill level 5 in Conjurations
 11377 | D:9      | Reached skill level 5 in Hexes
 11377 | D:9      | Reached skill level 5 in Summonings
 11377 | D:9      | Reached skill level 5 in Necromancy
 11377 | D:9      | Reached skill level 5 in Translocations
 11377 | D:9      | Reached skill level 5 in Transmutations
 11377 | D:9      | Reached skill level 5 in Fire Magic
 11377 | D:9      | Reached skill level 5 in Ice Magic
 11377 | D:9      | Reached skill level 5 in Air Magic
 11377 | D:9      | Reached skill level 5 in Earth Magic
 11377 | D:9      | Reached skill level 5 in Poison Magic
 11384 | D:9      | Banished a death yak
 11573 | D:9      | Killed a death yak
 12514 | D:10     | Found a runed translucent door.
 12529 | D:10     | Found a runed translucent door.
 12529 | D:10     | Noticed an orange crystal statue
 12530 | D:10     | Found the +10 tower shield of Ignorance {rN+ Int-4}
 12723 | D:10     | Found a staircase to the Lair.
 13019 | D:10     | Noticed Maurice
 13019 | D:10     | Noticed a two-headed ogre
 13029 | D:10     | Killed a two-headed ogre
 13031 | D:10     | Paralysed by something for 4 turns
 13054 | D:10     | Banished Maurice
 13597 | D:10     | Found a staircase to the Orcish Mines.
 14229 | D:10     | Noticed an orange crystal statue
 14229 | D:10     | Noticed an orange crystal statue
 14229 | D:10     | Noticed an orange crystal statue
 14230 | D:10     | Noticed a two-headed ogre
 14764 | Lair:1   | Entered Level 1 of the Lair of Beasts
 15194 | Lair:1   | Noticed a four-headed hydra
 15196 | Lair:1   | Banished a four-headed hydra
 15196 | Lair:1   | Reached XP level 12. HP: 96/96 MP: 17/22
 15816 | Lair:1   | Noticed Grum
 15856 | Lair:1   | Killed Grum
 16205 | Lair:2   | Found a gate leading to a gauntlet.
 16213 | Gauntlet | Entered a Gauntlet
 16213 | Gauntlet | Found a transporter.
 16213 | Gauntlet | Found a transporter.
 16213 | Gauntlet | Found a transporter.
 16426 | Gauntlet | Found a transporter.
 16426 | Gauntlet | Found a transporter.
 16427 | Gauntlet | Found a transporter.
 16437 | Gauntlet | Found a transporter.
 16440 | Gauntlet | Found a transporter.
 16440 | Gauntlet | Found a transporter.
 16440 | Gauntlet | Found a transporter.
 16443 | Gauntlet | Noticed a balrug
 16450 | Gauntlet | Found a transporter.
 16451 | Gauntlet | Found a transporter.
 16457 | Gauntlet | Corrupted Gauntlet
 16457 | Gauntlet | Noticed a starcursed mass
 16457 | Gauntlet | Noticed a lich
 16457 | Gauntlet | Noticed a starcursed mass
 16457 | Gauntlet | Noticed a starcursed mass
 16458 | Gauntlet | Noticed a thrashing horror
 16466 | Gauntlet | Noticed a starcursed mass
 16467 | Gauntlet | Killed a balrug
 16472 | Gauntlet | Noticed a thrashing horror
 16489 | Gauntlet | Noticed a tentacled starspawn
 16489 | Gauntlet | Noticed a starcursed mass
 16489 | Gauntlet | Noticed a thrashing horror
 16915 | Gauntlet | Reached skill level 10 in Fighting
 17581 | Gauntlet | Got a transparent cloak
 17590 | Gauntlet | Identified the cursed +0 cloak "Esuone Jifru" {MR+ Int+3
                  | Dex+4} (You found it in a Gauntlet)
 18472 | Gauntlet | Got a glimmering hat
 18501 | Gauntlet | Identified the cursed -1 hat of the Serpent {Str+3 Int+4}
                  | (You found it in a Gauntlet)
 18502 | Gauntlet | Identified a scroll of acquirement
 18502 | Gauntlet | Acquired the +6 crystal plate armour of the Ward {rElec
                  | rF+}
 18519 | Gauntlet | Noticed a minotaur
 18532 | Gauntlet | Killed a minotaur
 18532 | Gauntlet | Reached XP level 13. HP: 103/103 MP: 24/24
 18996 | Lair:2   | Found the +3 Elemental Staff {rElec rF++ rC++ MR++ AC+5}
 19231 | Lair:2   | Found a staircase to the Shoals.
 19445 | Lair:3   | Reached skill level 10 in Invocations
 20580 | D:10     | Gained mutation: You tend to lose your temper in combat.
                  | [potion of mutation]
 20580 | D:10     | Gained mutation: You have sharp fingernails. [potion of
                  | mutation]
 21238 | D:10     | Lost intelligence.
 22068 | Lair:4   | Found a staircase to the Snake Pit.
 22703 | Lair:5   | Found a staircase to the Slime Pits.
 22704 | Lair:5   | Found a viscous altar of Jiyva.
 22791 | Lair:5   | Reached XP level 14. HP: 88/111 MP: 26/26
 22842 | Lair:5   | Reached skill level 10 in Axes
 22842 | Lair:5   | Reached skill level 10 in Armour
 23326 | Lair:6   | Entered Level 6 of the Lair of Beasts
 24229 | Lair:6   | Acquired the ring "Huhox" {+Fly rPois rC+ rCorr}
 24324 | Lair:6   | Found a runed translucent door.
 24517 | Lair:6   | Reached skill level 10 in Dodging
 24661 | Lair:6   | Noticed Bacru's ghost (journeyman TrBe)
 24735 | Lair:6   | Killed Bacru's ghost
 24735 | Lair:6   | Reached XP level 15. HP: 68/119 MP: 28/28
 25123 | Lair:6   | Found a runed translucent door.
 25761 | D:11     | Noticed Nergalle
 25763 | D:11     | Noticed Psyche
 25776 | D:11     | Killed Nergalle
 25783 | D:11     | Killed Psyche
 25856 | D:11     | Reached ****** piety under Lugonu
 25900 | D:11     | Noticed Fannar
 25915 | D:11     | Killed Fannar
 25980 | D:11     | Reached skill level 10 in Short Blades
 25980 | D:11     | Reached skill level 10 in Long Blades
 25980 | D:11     | Reached skill level 10 in Maces & Flails
 25980 | D:11     | Reached skill level 10 in Polearms
 25980 | D:11     | Reached skill level 10 in Staves
 25980 | D:11     | Reached skill level 10 in Slings
 25980 | D:11     | Reached skill level 10 in Bows
 25980 | D:11     | Reached skill level 10 in Crossbows
 25980 | D:11     | Reached skill level 10 in Throwing
 25980 | D:11     | Reached skill level 10 in Stealth
 25980 | D:11     | Reached skill level 10 in Shields
 25980 | D:11     | Reached skill level 10 in Unarmed Combat
 25980 | D:11     | Reached skill level 10 in Spellcasting
 25980 | D:11     | Reached skill level 10 in Evocations
 25999 | D:11     | Noticed Josephine
 26018 | D:11     | Killed Josephine
 26447 | D:12     | HP: 5/120 [centaur (5)]
 26449 | Abyss:1  | Killed from afar by an oklob plant

Illustrated notes

Levels and vault maps discovered:
D:1:      matt_arrival_grand_opening, layout_rooms
D:2:      layout_loops_ring
D:3:      layout_rooms, uniq_crazy_yiuf_cottage
D:4:      layout_loops_ring, kennysheep_mini_moat, serial_co_window_serial,
          co_window_corner_a, co_window_paths_a, co_window_paths_a,
          co_window_corner_a, co_window_paths_b, co_window_of_opportunity_a,
          co_window_of_opportunity_a, co_window_corner_a, co_window_paths_a,
          co_window_broadway_c, co_window_unsneaky_path_b,
          co_window_of_opportunity_c, co_window_sun, co_window_4corner_b,
          glass_columns_a, glass_columns_a, glass_columns_a, glass_columns_c,
          uniq_natasha, uniq_edmund
D:5:      layout_loops_corners, basic_altar, uniq_duvessa, uniq_ijyb,
          uniq_blork_the_orc
D:6:      layout_loops_cross, basic_altar, hangedman_decor_points,
          minmay_misc_feat_alley, wad_rectangle_vault
D:7:      corexii_shantytown, layout_basic, ebering_ghost_rock_garden,
          uniq_prince_ribbit1
D:8:      layout_loops_ring, serial_co_window_serial, co_window_cross_1,
          co_window_paths_a, co_window_of_opportunity_a, co_window_corner_a,
          co_window_paths_a, co_window_corner_b, co_window_cross_2,
          co_window_paths_c, co_window_corner_b, glass_columns_b,
          grunt_ogre_cave, uniq_maggie
D:9:      layout_basic, minmay_misc_feat_diagonals,
          hangedman_abyss_or_decor_passed, grunt_ministairs_1
D:10:     layout_basic, dpeg_lair_monsters, orc_0_dummy, special_room
          [special_room_bee], chequers_guarded_unrand_ignorance, uniq_maurice
D:11:     layout_rooms, uniq_josephine, uniq_psyche, uniq_nergalle, uniq_fannar
D:12:     layout_basic, chequers_big_river, dk_noncrumbling_4, uniq_rupert,
          uniq_kirke
Lair:1:   layout_loops_ring, infiniplex_staircase_pool, serial_bayou_shore_b,
          lemuel_fruit_tree, uniq_grum
Lair:2:   layout_concentric_octagons, minmay_shoals_entry_hut,
          gauntlet_entry_generic, minmay_stone_trees_small
Lair:3:   layout_concentric_octagons, grunt_megastairs_4,
          minmay_lair_oklob_chamber
Lair:4:   layout_loops_ring, minmay_snake_entry_guardpost_small
Lair:5:   layout_big_grid, slime_altar_1, nicolae_lair_grove_arrangements,
          minmay_holes
Lair:6:   hangedman_lair_tendril_chambers, layout_regular_city, wormcave,
          hellmonk_ghost_happy_afterlife
Abyss:1:  base:
D:11

Skill      XL: |  1  2  3  4  5  6  7  8  9 10 11 12 13 14 15 |
---------------+----------------------------------------------+-----
Short Blades   | 1 2 3 4 5 6 7 8 9 10 | 10.0
Long Blades    | 1 2 3 4 5 6 7 8 9 10 | 10.0
Maces & Flails | 1 2 3 4 5 6 7 8 9 10 | 10.0
Polearms       | 1 2 3 4 5 6 7 8 9 10 | 10.0
Staves         | 1 2 3 4 5 6 7 8 9 10 | 10.0
Slings         | 1 2 3 4 5 6 7 8 9 10 | 10.0
Bows           | 1 2 3 4 5 6 7 8 9 10 | 10.0
Crossbows      | 1 2 3 4 5 6 7 8 9 10 | 10.0
Throwing       | 1 2 3 4 5 6 7 8 9 10 | 10.0
Stealth        | 1 2 3 4 5 6 7 8 9 10 | 10.0
Shields        | 1 2 3 4 5 6 7 8 9 10 | 10.0
Unarmed Combat | 1 2 3 4 5 6 7 8 9 10 | 10.0
Spellcasting   | 1 2 3 4 5 6 7 8 9 10 | 10.0
Evocations     | 1 2 3 4 5 6 7 8 9 10 | 10.0
Conjurations   | 1 2 3 4 5 6 7 8 |  8.4
Hexes          | 1 2 3 4 5 6 7 8 |  8.4
Summonings     | 1 2 3 4 5 6 7 8 |  8.4
Necromancy     | 1 2 3 4 5 6 7 8 |  8.4
Translocations | 1 2 3 4 5 6 7 8 |  8.4
Transmutations | 1 2 3 4 5 6 7 8 |  8.4
Fire Magic     | 1 2 3 4 5 6 7 8 |  8.4
Ice Magic      | 1 2 3 4 5 6 7 8 |  8.4
Air Magic      | 1 2 3 4 5 6 7 8 |  8.4
Earth Magic    | 1 2 3 4 5 6 7 8 |  8.4
Poison Magic   | 1 2 3 4 5 6 7 8 |  8.4
Dodging        | 3 4 5 6 7 8 9 10 | 10.3
Invocations    | 5 6 7 8 9 10 11 | 11.7
Axes           | 5 6 7 8 9 10 11 | 11.0
Armour         | 5 6 7 8 9 10 11 | 11.0
Fighting       | 7 8 9 10 11 | 11.8

Action                   |  1- 3 |  4- 6 |  7- 9 | 10-12 | 13-15 || total
-------------------------+-------+-------+-------+-------+-------++-------
Melee: Hand axe          |   102 |   132 |   409 |   742 |  1211 ||  2596
       Bite              |     9 |    17 |    47 |   101 |   226 ||   400
       Scimitar          |       |       |       |       |    46 ||    46
Throw: Javelin           |       |       |    20 |    10 |       ||    30
       Dart              |       |       |       |       |     9 ||     9
Invok: Depart the Abyss  |     1 |       |       |       |       ||     1
       Banish            |       |       |       |    19 |    10 ||    29
       Bend Space        |       |       |       |     4 |       ||     4
       Corrupt           |       |       |       |     1 |       ||     1
       Enter the Abyss   |       |       |       |       |     1 ||     1
Evoke: Wand              |       |       |    23 |     2 |       ||    25
  Use: Scroll            |     7 |     4 |    10 |    17 |    11 ||    49
       Potion            |       |     5 |     1 |    14 |     9 ||    29
 Stab: Confused          |       |       |     4 |       |       ||     4
       Invisible         |       |       |       |     6 |       ||     6
Armor: Plate armour      |    87 |   102 |   249 |   450 |       ||   888
       Skin              |       |       |       |    18 |       ||    18
       Crystal plate arm |       |       |       |     7 |  1265 ||  1272
Dodge: Dodged            |    28 |    37 |   107 |   374 |   773 ||  1319
Block: Buckler           |       |       |    50 |   206 |   476 ||   732
       Rpst.: Scimitar   |       |       |       |       |     5 ||     5

Table legend: (Time is in decaauts)
 A = Elapsed time spent in this place.
 B = Non-inter-level travel time spent in this place.
 C = Inter-level travel time spent in this place.
 D = Time resting spent in this place.
 E = Time spent auto-exploring this place.
 F = Levels seen in this place.
 G = Mean time per level.
                   A        B        C        D        E       F      G
               +--------+--------+--------+--------+--------+-----+--------+
         Total |  27407 |  26643 |    764 |   7397 |  12791 |  22 | 1245.8 |
       Dungeon |  16889 |  16516 |    373 |   4412 |   8506 |  12 | 1407.4 |
          Lair |   8037 |   7647 |    390 |   1298 |   4204 |   6 | 1339.5 |
         Abyss |    130 |    130 |      0 |      0 |     81 |   3 |   43.3 |
      Gauntlet |   2349 |   2349 |      0 |   1687 |      0 |   1 | 2349.0 |
               +--------+--------+--------+--------+--------+-----+--------+

Top non-repeatable levels by time:
    D:10: 4219 daAuts
     D:9: 2411 daAuts
Gauntlet: 2349 daAuts
  Lair:6: 2168 daAuts
     D:4: 1891 daAuts
     D:8: 1752 daAuts
  Lair:1: 1316 daAuts
     D:5: 1267 daAuts
  Lair:5: 1201 daAuts
     D:6: 1201 daAuts
  Lair:4: 1184 daAuts
  Lair:3: 1099 daAuts
  Lair:2: 1067 daAuts
     D:7: 900 daAuts
     D:2: 889 daAuts
